 Dungeon Crawl Stone Soup version 0.29.0-4-gdea44cf6ec (webtiles) character file.

Game seed: 16257757528646988637

135 qw the Chopper (level 5, 0/30 HPs)
             Began as a Tengu Warper on Aug 28, 2022.
             Killed from afar by an orc wizard (8 damage)
             ... with a puff of flame
             ... on level 3 of the Dungeon.
             The game lasted 00:00:16 (3538 turns).

qw the Chopper (Tengu Warper)                       Turns: 3538, Time: 00:00:17

Health: 0/30       AC:  3    Str: 13    XL:     5   Next: 18%
Magic:  9/9        EV: 14    Int: 13    God:
Gold:   63         SH:  0    Dex: 14    Spells: 8/8 levels left

rFire   . . .      SeeInvis .   Y - +0 hand axe
rCold   . . .      Faith    .   (no shield)
rNeg    . . .      Spirit   .   b - +0 leather armour
rPois   .          Reflect  .   (helmet restricted)
rElec   .          Harm     .   (no cloak)
rCorr   .          Rampage  .   (no gloves)
Will    .....                   (boots unavailable)
Stlth   +.........              a - amulet of the acrobat
HPRegen 0.10/turn               (no ring)
MPRegen 0.11/turn               (no ring)

@: flying quickly and evasively, quick
A: beak, talons 3, nimble flight
a: no special abilities


You were on level 3 of the Dungeon.
You visited 1 branch of the dungeon, and saw 3 of its levels.

You collected 63 gold pieces.


Innate Abilities, Weirdness & Mutations

You have a beak for a mouth.
You have claws for feet.
Your magical nature lets you fly swiftly and evasively.


   Skills:
 - Level 2.0 Fighting
 + Level 5.7 Axes
 - Level 1.0 Throwing
 - Level 1.1 Armour
 - Level 2.1 Dodging
 - Level 2.0 Spellcasting
 - Level 2.4 Translocations


You had 8 spell levels left.
You didn't know any spells.
Your spell library contained the following spells:

 Spells                   Type           Power      Damage    Failure   Level
 Blink                    Tloc           14%        N/A       19%         2
 Gell's Gravitas          Tloc           7%         N/A       36%         3
 Lesser Beckoning         Tloc           7%         N/A       36%         3
 Teleport Other           Tloc           7%         N/A       36%         3
 Manifold Assault         Tloc           7%         N/A       98%         5

Inventory:

Hand Weapons
 c - a +0 whip
 Y - a +0 hand axe (weapon)
Armour
 b - a +0 leather armour (worn)
 j - a +0 ring mail
 k - the +4 ring mail of the Teacher {rN+ Str+4 Int-5 SInv}
   (You took it off a hobgoblin on level 3 of the Dungeon)

   Str:       It affects your strength (+4).
   Int:       It affects your intelligence (-5).
   rN:        It protects you from negative energy.
   SInv:      It lets you see invisible.
Jewellery
 a - an amulet of the acrobat (around neck)
Scrolls
 d - a scroll of teleportation {unknown}
 f - 2 scrolls of identify
Potions
 e - 2 potions of might
 g - a potion of mutation {unknown}
 h - a potion of curing {unknown}
 i - a potion of heal wounds {unknown}
 l - a potion of attraction {unknown}

Dungeon Overview and Level Annotations

Branches:
Dungeon (3/15)

Altars:
Xom

Shops:
D:2 =

Annotations:
D:3 3 runed translucent doors, qw's ghost, amateur TeWr


Message History

The orc completely misses you.
You closely miss the orc. You claw the orc, but do no damage.
The orc barely misses you. The orc closely misses you.
You hit the orc but do no damage. You closely miss the orc.
The orc wizard gestures wildly while chanting.
The orc wizard flickers and vanishes!
Deactivating autopickup; reactivate with Ctrl-A.
The orc misses you.
You barely miss the orc. You claw the orc, but do no damage. You peck the orc.
The orc is moderately wounded.
You closely miss the orc. The orc closely misses you. The orc misses you.
You hit the orc. Your kick misses the orc.
The orc is severely wounded.
You closely miss the orc.
The orc hits you from afar with a +0 trident.
The orc misses you. x2
You hit the orc.
The orc is almost dead.
You closely miss the orc. The orc hits you but does no damage.
The orc hits you from afar with a +0 trident!
The orc closely misses you.
You hit the orc.
You kill the orc!
You hit the orc. The orc hits you with a +0 dagger. The orc barely misses you.
You closely miss the orc. You claw the orc, but do no damage.
The orc is severely wounded.
You miss something. The orc hits you with a +0 dagger.
The orc hits you from afar with a +0 trident.
Something hits you.
You slash the orc!
You kill the orc!
You miss something.
You hear some strange, mumbled words.
A puff of flame appears from out of thin air!
The puff of flame hits you!
You die...

+.... ..........%
#.... ####.......#
#...##...##.......
#...#.# #.#...#...
#..... #.....#..(
#...# #.#...#..<
##.%## ..##.###...
#.'..#####....#...
#@#........##.####
.....o{)#......###
.#
......o.######## #
........#
#####...# #####


You could see 2 orcs.

Vanquished Creatures
  A jelly (D:3)
  An orc wizard (D:3)
  2 adders (D:3)
  A dart slug (D:2)
  6 orcs
  4 ball pythons
  6 bats
  4 endoplasms
  2 giant cockroaches
  3 goblins (D:2)
  7 hobgoblins
  3 kobolds
  6 quokkas
  A frilled lizard (D:1)
  6 rats
53 creatures vanquished.

Notes
Turn   | Place    | Note
-------+----------+-------------------------------------------
     0 | D:1      | qw the Tengu Warper began the quest for the Orb.
     0 | D:1      | Reached XP level 1. HP: 12/12 MP: 4/4
     0 | D:1      | 0 ||| qw: Version: 0.1-a-89-g26bdef1
     0 | D:1      | 0 ||| qw: Game counter: 2991
     0 | D:1      | 0 ||| qw: Always use a shield: true
     0 | D:1      | 0 ||| qw: God list: Okawaru
     0 | D:1      | 0 ||| qw: Allow faded altars: false
     0 | D:1      | 0 ||| qw: Do Orc after D:15 true
     0 | D:1      | 0 ||| qw: Do second Lair branch before Depths: true
     0 | D:1      | 0 ||| qw: Lair rune preference: random
     0 | D:1      | 0 ||| qw: Plans: Normal
     0 | D:1      | 0 ||| PLANNING D:1-11
   254 | D:1      | Reached skill level 3 in Axes
   254 | D:1      | Reached XP level 2. HP: 17/17 MP: 6/6
   424 | D:1      | Found a faded altar of an unknown god.
  1018 | D:1      | 1018 ||| READING scroll labelled KIODOE DUF YNU.
  1019 | D:1      | 1019 ||| READING scroll labelled NYVIAX CERE.
  1020 | D:1      | 1020 ||| DROPPING scroll of blinking.
  1372 | D:2      | Reached XP level 3. HP: 17/19 MP: 7/7
  1414 | D:2      | 1414 ||| FLEEEEING.
  1429 | D:2      | 1429 ||| FLEEEEING.
  1430 | D:2      | 1430 ||| FLEEEEING.
  1431 | D:2      | 1431 ||| FLEEEEING.
  1472 | D:2      | 1472 ||| Stepping ~*~*~tactically~*~*~ (stealth).
  1474 | D:2      | 1474 ||| Stepping ~*~*~tactically~*~*~ (stealth).
  1476 | D:2      | 1476 ||| Stepping ~*~*~tactically~*~*~ (stealth).
  1613 | D:2      | Reached skill level 4 in Axes
  1769 | D:2      | Found Muusopn's Jewellery Boutique.
  1774 | D:2      | 1774 ||| SHOPLISTING +4 ring of evasion (432 gold, have
                  | 23).
  1774 | D:2      | 1774 ||| SHOPLISTING +4 ring of protection (432 gold, have
                  | 23).
  1774 | D:2      | 1774 ||| SHOPLISTING ring "Jiadud" {rElec Dex+6} (600 gold,
                  | have 23).
  1774 | D:2      | 1774 ||| SHOPLISTING ring of ice (300 gold, have 23).
  2568 | D:2      | 2568 ||| UPGRADING to amulet of the acrobat.
  2573 | D:2      | 2573 ||| READING scroll labelled FUTYC TOHO.
  2574 | D:2      | 2574 ||| DRINKING 2 sedimented puce potions.
  2675 | D:2      | 2675 ||| READING 3 scrolls of identify.
  2675 | D:2      | 2675 ||| IDENTIFYING emerald potion
  2676 | D:2      | 2676 ||| READING 2 scrolls of identify.
  2676 | D:2      | 2676 ||| IDENTIFYING red potion
  2677 | D:2      | 2677 ||| DROPPING potion of degeneration.
  2678 | D:2      | 2678 ||| DROPPING potion of ambrosia.
  2743 | D:3      | Found a runed translucent gate.
  2744 | D:3      | Found a runed translucent gate.
  2744 | D:3      | Found a runed translucent gate.
  2745 | D:3      | Noticed qw's ghost (amateur TeWr)
  2758 | D:3      | Found a shimmering altar of Xom.
  2800 | D:3      | 2800 ||| Stepping ~*~*~tactically~*~*~ (hiding).
  2815 | D:3      | Reached XP level 4. HP: 18/26 MP: 8/8
  2916 | D:3      | 2916 ||| Stepping ~*~*~tactically~*~*~ (stealth).
  2918 | D:3      | 2918 ||| Stepping ~*~*~tactically~*~*~ (stealth).
  3163 | D:3      | Reached skill level 5 in Axes
  3378 | D:3      | Identified the +4 ring mail of the Teacher {rN+ Str+4 Int-5
                  | SInv}
  3379 | D:3      | 3379 ||| Stepping ~*~*~tactically~*~*~ (stealth).
  3384 | D:3      | 3384 ||| Stepping ~*~*~tactically~*~*~ (stealth).
  3424 | D:3      | Gained mutation: Your magical nature lets you fly swiftly
                  | and evasively. [Tengu growth]
  3424 | D:3      | Reached XP level 5. HP: 21/30 MP: 9/9
  3529 | D:3      | 3529 ||| Stepping ~*~*~tactically~*~*~ (stealth).
  3537 | D:3      | HP: 7/30 [something (1)]
  3538 | D:3      | Killed from afar by an orc wizard

Levels and vault maps discovered:
D:1:      lightli_arrival_isolated_outpost, layout_basic,
          hellmonk_ecumenical_altar_arch_garden, st_stairs_11
D:2:      layout_basic, serial_shops, shop,
          nicolae_concentric_dashed_squares_wild
D:3:      layout_basic, mainiacjoe_overflow_alcove_4,
          nicolae_overflow_crystal_walls, gammafunk_ghost_split, serial_shops,
          shop, minmay_checkerbox

Skill      XL: |  1  2  3  4 |
---------------+-------------+-----
Axes           | 3 4 5 |  5.7
Fighting       | |  2.0
Throwing       | |  1.0
Armour         | |  1.1
Dodging        | |  2.1
Spellcasting   | |  2.0
Translocations | |  2.4

Action                   |  1- 3 |  4- 6 || total
-------------------------+-------+-------++-------
Melee: Hand axe          |    89 |    47 ||   136
       Kick              |    22 |     9 ||    31
       Peck              |    14 |    10 ||    24
Throw: Boomerang         |     7 |       ||     7
  Use: Scroll            |     5 |       ||     5
       Potion            |     1 |       ||     1
Armor: Leather armour    |    18 |     5 ||    23
Dodge: Dodged            |    46 |    28 ||    74

Table legend:
 A = Non-vault XP
 B = Vault XP
 C = Vault XP percentage of total XP
 D = Non-vault monster count
 E = Vault monster count
 F = Vault count percentage of total count
                 A         B        C        D         E       F
            +---------+---------+-------+---------+---------+-------
      Total |     170 |      26 |  13.3 |      45 |       8 |  15.1
            +---------+---------+-------+---------+---------+-------
        D:1 |      20 |       6 |  23.1 |      12 |       4 |  25.0
        D:2 |      33 |       0 |   0.0 |      18 |       0 |   0.0
        D:3 |     117 |      20 |  14.6 |      15 |       4 |  21.1
            +---------+---------+-------+---------+---------+-------
